 Dungeon Crawl Stone Soup version 0.30-a0-879-ga8ba668304 (webtiles) character file.

Game seed: 12622798792732530888

1746 Newt the Skirmisher (level 9, -26/54 HPs)
             Began as a Kobold Hunter on Mar 13, 2023.
             Was a Believer of Okawaru.
             Annihilated by an orc warrior
             ... wielding a +0 halberd
              (44 damage)
             ... on level 6 of the Dungeon.
             The game lasted 00:05:02 (6919 turns).

Newt the Skirmisher (Kobold Hunter)                 Turns: 6919, Time: 00:05:02

Health: -26/54     AC:  5    Str:  8    XL:     9   Next: 26%
Magic:  9/9        EV:  3    Int: 10    God:    Okawaru [**....]
Gold:   146        SH:  0    Dex: 21    Spells: 8/8 levels left

rFire   . . .      SeeInvis .    p - +7 Throatcutter {drain, coup de grace}
rCold   + + .      Faith    .    (no shield)
rNeg    . . .      Spirit   .    c - +0 leather armour
rPois   +          Reflect  .    s - +1 helmet of Focus {Rampage rC++ Will+ Str-2}
rElec   .          Rampage  +    (no cloak)
rCorr   .                        (no gloves)
Will    +....                    (no boots)
Stlth   +++                      n - amulet of the acrobat
HPRegen 0.29/turn                d - ring of poison resistance
MPRegen 0.11/turn                y - ring of flight

@: sleeping, flying, studying Conjurations
A: small, no large weapons, nightstalker 3
a: Renounce Religion, Heroism


You were on level 6 of the Dungeon.
You worshipped Okawaru.
Okawaru was pleased with you.
You visited 2 branches of the dungeon, and saw 7 of its levels.

You collected 314 gold pieces.
You spent 168 gold pieces at shops.

Inventory:

Hand Weapons
 a - a +1 heavy shortbow
 p - the +7 Throatcutter (weapon) {drain, coup de grace}
   (You found it on level 3 of the Dungeon)
Missiles
 t - 3 throwing nets
Armour
 c - a +0 leather armour (worn)
 s - the +1 helmet of Focus (worn) {Rampage rC++ Will+ Str-2}
   (You acquired it on level 5 of the Dungeon)

   Str:       It affects your strength (-2).
   rC:        It greatly protects you from cold.
   Rampage:   It bestows one free step when moving towards enemies.
   Will:      It increases your willpower.
Jewellery
 d - a ring of poison resistance (left hand)
 j - a ring of fire
 n - an amulet of the acrobat (around neck)
 o - a ring of positive energy
 y - a ring of flight (right hand)
 C - a ring of fire
 D - a +6 ring of dexterity
Wands
 b - a wand of polymorph (4)
Scrolls
 h - 3 scrolls of amnesia
 l - 3 scrolls of teleportation
 u - a scroll of blinking
 v - a scroll of vulnerability
 x - 3 scrolls of magic mapping
 z - a scroll of poison {unknown}
 A - 2 scrolls of fog {unknown}
 E - a scroll of identify
Potions
 e - a potion of mutation
 f - a potion of magic
 g - 4 potions of attraction
 i - 2 potions of ambrosia
 k - a potion of lignification {unknown}
 m - 2 potions of flight {unknown}
 q - a potion of curing {unknown}
 r - a potion of heal wounds {unknown}
 w - a potion of cancellation {unknown}
 B - a potion of brilliance {unknown}
 F - a potion of berserk rage {unknown}


   Skills:
 - Level 5.0 Fighting
 + Level 7.8 Long Blades
 - Level 8.1 Ranged Weapons
 - Level 2.4 Dodging
 - Level 1.3 Stealth


You had 8 spell levels left.
You didn't know any spells.
Your spell library contained the following spells:

 Spells                   Type           Power      Damage    Failure   Level
 Apportation              Tloc           0%         N/A       50%         1
 Freeze                   Ice            0%         1d3       50%         1
 Necrotise                Necr           0%         1d4       50%         1
 Sting                    Tmut/Pois      0%         1d3       50%         1
 Poisonous Vapours        Pois/Air       0%         N/A       63%         2
 Frozen Ramparts          Ice            0%         1d1       86%         3
 Hailstorm                Conj/Ice       0%         3d3       86%         3
 Inner Flame              Hex/Fire       0%         N/A       86%         3
 Portal Projectile        Hex/Tloc       0%         N/A       86%         3
 Flame Wave               Conj/Fire      0%         2d4       99%         4
 Leda's Liquefaction      Hex/Erth       0%         N/A       99%         4
 Olgreb's Toxic Radiance  Pois           0%         N/A       99%         4
 Sticky Flame             Conj/Fire      0%         2d3       99%         4
 Summon Small Mammal      Summ           Unusable   N/A       N/A         1
 Call Canine Familiar     Summ           Unusable   N/A       N/A         3

Dungeon Overview and Level Annotations

Branches:
Dungeon (6/15)             Temple (1/1) D:4

Altars:
Ashenzari
Dithmenos
Elyvilon
Fedhas
Gozag
Kikubaaqudgha
Nemelex Xobeh
Okawaru
Qazlal
Sif Muna
Trog
Vehumet
Wu Jian
Zin
The Shining One

Shops:
D:1 :   D:4 *   D:6 *

Annotations:
D:5 1 runed translucent door, gelatine's ghost, novice DsVM
D:6 2 runed translucent doors


Innate Abilities, Weirdness & Mutations

You are small and have problems with some larger weapons.
You are completely attuned to the shadows.


Message History

An orc comes into view. It is wielding a +0 whip.
A sleepcap comes into view.
The orc shouts!
The orc warrior misses you.
An orc wizard comes into view.
It is wielding a +0 dagger and wearing a +2 robe of the Archmagi.
You rampage towards the orc warrior!
You closely miss the orc warrior.
The sleepcap releases spores at you but does no damage.
The orc misses you.
The orc warrior hits you with a +0 halberd!
You hit the orc warrior.
You punch the orc warrior, but do no damage.
The orc warrior is lightly wounded.
The sleepcap releases spores at you. The orc misses you.
The orc warrior hits you but does no damage.
You completely miss the orc warrior.
The orc warrior is lightly wounded.
The sleepcap releases spores at you.
You are engulfed in a cloud of soporific spores!
You fall asleep.
The orc hits you with a +0 whip.
You wake up.
The orc wizard hits you with a +0 dagger.
The orc warrior hits you with a +0 halberd!
You are too injured to fight recklessly!
Unknown command.
The orc warrior attacks as you move away!
The orc warrior misses you.
The orc wizard attacks as you move away!
The orc wizard misses you.
The orc wizard gestures at you while chanting.
You resist with almost no effort. The orc warrior completely misses you.
Unknown command.
Unknown command.
You slash the sleepcap!
The sleepcap is moderately damaged.
The sleepcap releases spores at you!
You are engulfed in a cloud of soporific spores!
You fall asleep.
The orc warrior hits you from afar with a +0 halberd!!!
Ouch! That really hurt!
You die...

#######
#.....######## #
#............# #
#............#### #
#...........of@.##
#
#...........o##....
#
####..........o....
# #..........o#...
# #..........#....
#...<.....##### ###
#......... ..#
####'####.
#.#######.#


You could see an orc warrior, a sleepcap and an orc.

Vanquished Creatures
  A hornet (D:6)
  Sigmund (D:2)
  2 water moccasins
  A sky beast (D:4)
  2 black bears
  2 ogres
  A phantom (D:5)
  A bullfrog (D:6)
  3 scorpions
  The ghost of ZoeForever1 the Conjurer, a weakling DsRe (D:3)
  A howler monkey (D:6)
  An orc priest (D:5)
  An iguana (D:6)
  An orc wizard (D:5)
  Terence (D:3)
  3 gnolls (D:6)
  2 adders
  4 hound simulacra (D:3)
  A white imp (D:3)
  2 ufetubi (D:5)
  2 worms
  3 dart slugs
  An adder simulacrum (D:3)
  10 orcs
  5 endoplasms
  2 giant cockroaches
  8 goblins
  5 hobgoblins
  16 jackals
  8 quokkas
  8 ball pythons
  A ball python simulacrum (D:3)
  3 bats
  A frilled lizard (D:1)
  9 kobolds
  10 rats
124 creatures vanquished.

Notes
Turn   | Place    | Note
-------+----------+-------------------------------------------
     0 | D:1      | Newt the Kobold Hunter began the quest for the Orb.
     0 | D:1      | Reached XP level 1. HP: 12/12 MP: 1/1
    52 | D:1      | Reached XP level 2. HP: 17/18 MP: 2/2
   325 | D:1      | Reached XP level 3. HP: 23/23 MP: 3/3
   461 | D:1      | Found Zyutrewn's Vocational Training.
   994 | D:2      | Noticed Sigmund
  1166 | D:2      | Killed Sigmund
  1167 | D:2      | Reached skill level 5 in Fighting
  1167 | D:2      | Reached skill level 7 in Ranged Weapons
  1167 | D:2      | Reached XP level 4. HP: 16/31 MP: 4/4
  1167 | D:2      | Reached XP level 5. HP: 19/35 MP: 5/5
  1167 | D:2      | Reached XP level 6. HP: 21/40 MP: 6/6
  2224 | D:3      | Found the +10 Black Knight's barding {ponderous, rPois rN+}
  2377 | D:3      | Found a runed translucent gate.
  2378 | D:3      | Found a runed translucent gate.
  2463 | D:3      | Noticed Terence
  2764 | D:3      | Found a runed translucent gate.
  3118 | D:3      | Killed Terence
  3119 | D:3      | Reached skill level 8 in Ranged Weapons
  3169 | D:3      | Found the +7 Throatcutter {drain, coup de grace}
  3413 | D:4      | Noticed a sky beast
  3415 | D:4      | Killed a sky beast
  3416 | D:4      | Reached skill level 1 in Long Blades
  3416 | D:4      | Reached XP level 7. HP: 44/44 MP: 7/7
  3508 | D:4      | Found a staircase to the Ecumenical Temple.
  3514 | Temple   | Entered the Ecumenical Temple
  3745 | Temple   | Became a worshipper of Warmaster Okawaru
  4157 | D:4      | Found a bloodstained altar of Trog.
  4578 | D:4      | Found Weutaump's Assorted Antiques.
  4585 | D:4      | Bought a scroll labelled HUHUTT ZI VAUW for 24 gold pieces
  4585 | D:4      | Bought a scroll labelled HUHUTT ZI VAUW for 24 gold pieces
  4585 | D:4      | Bought an onyx ring for 120 gold pieces
  4762 | D:5      | Entered Level 5 of the Dungeon
  4764 | D:5      | Identified a scroll of acquirement
  4764 | D:5      | Acquired the +1 helmet of Focus {Rampage rC++ Will+ Str-2}
  4971 | D:5      | Reached XP level 8. HP: 49/49 MP: 8/8
  5072 | D:5      | Reached skill level 5 in Long Blades
  5102 | D:5      | Reached * piety under Okawaru
  5220 | D:5      | Found a stormy altar of Qazlal.
  5430 | D:5      | Found a runed translucent door.
  5433 | D:5      | Noticed gelatine's ghost (novice DsVM)
  6028 | D:3      | Noticed ZoeForever1's ghost (weakling DsRe)
  6040 | D:3      | Killed ZoeForever1's ghost
  6281 | D:6      | Found an opulent altar of Gozag.
  6286 | D:6      | Found an opulent altar of Gozag.
  6296 | D:6      | Found an opulent altar of Gozag.
  6301 | D:6      | Found an opulent altar of Gozag.
  6307 | D:6      | Noticed a hornet
  6309 | D:6      | Paralysed by a hornet for 1 turns
  6311 | D:6      | Paralysed by a hornet for 3 turns
  6315 | D:6      | Killed a hornet
  6604 | D:6      | Reached ** piety under Okawaru
  6605 | D:6      | Reached XP level 9. HP: 54/54 MP: 9/9
  6710 | D:6      | Found a runed translucent door.
  6741 | D:6      | Found Jelaw's Assorted Antiques.
  6758 | D:6      | Found a sparkling altar of Nemelex Xobeh.
  6784 | D:6      | Found a runed translucent door.
  6919 | D:6      | Annihilated by an orc warrior

Illustrated notes

Levels and vault maps discovered:
D:1:      lemuel_arrival_tunnels, layout_basic, supply_closet_lemuel,
          nicolae_shop_vocational
D:2:      layout_basic, feat_on_display, uniq_sigmund
D:3:      layout_basic, gammafunk_ghost_icy, dilly_guarded_unrand_throatcut,
          uniq_terence
D:4:      layout_basic, mainiacjoe_overflow_surrounded_room,
          minmay_temple_entry_antechambers, serial_shops,
          nicolae_lakefront_shop, minmay_manual_monstrance
D:5:      layout_gridville, mainiacjoe_overflow_catwalk,
          hellmonk_ghost_happy_afterlife
D:6:      layout_basic, nicolae_gozag_conspicuous_consumption, tgw_xom,
          nemelex_xobeh_ov_fountains_minmay, ebering_ghost_sewer_f,
          serial_shops, nicolae_shop_advertising_works
          [nicolae_subvault_shop_adworks]
Temple:   grunt_temple_mini_profane

Skill      XL: |  1  2  3  4  5  6  7  8 |
---------------+-------------------------+-----
Fighting       | 3 5 |  5.0
Ranged Weapons | 7 8 |  8.1
Long Blades    | 1 4 7 |  7.8
Dodging        | |  2.4
Stealth        | |  1.3

Action                     |  1- 3 |  4- 6 |  7- 9 || total
---------------------------+-------+-------+-------++-------
  Melee: Long sword        |       |     2 |    81 ||    83
         Punch             |       |       |     1 ||     1
   Fire: Shortbow          |    80 |    85 |       ||   165
  Throw: Throwing net      |       |       |     1 ||     1
    Use: Scroll            |     3 |     4 |     6 ||    13
         Potion            |       |       |     2 ||     2
   Stab: Sleeping          |       |     2 |     9 ||    11
 Armour: Leather armour    |    14 |    12 |    15 ||    41
  Dodge: Dodged            |    39 |    44 |    65 ||   148

Table legend: (Time is in decaauts)
 A = Elapsed time spent in this place.
 B = Non-inter-level travel time spent in this place.
 C = Inter-level travel time spent in this place.
 D = Time resting spent in this place.
 E = Time spent auto-exploring this place.
 F = Levels seen in this place.
 G = Mean time per level.
                   A        B        C        D        E       F      G
               +--------+--------+--------+--------+--------+-----+--------+
         Total |   6997 |   6682 |    315 |    744 |   5275 |   7 |  999.6 |
       Dungeon |   6742 |   6473 |    269 |    744 |   5071 |   6 | 1123.7 |
        Temple |    254 |    209 |     45 |      0 |    204 |   1 |  254.0 |
               +--------+--------+--------+--------+--------+-----+--------+

Top non-repeatable levels by time:
     D:3: 1417 daAuts
     D:4: 1289 daAuts
     D:1: 1123 daAuts
     D:5: 1114 daAuts
     D:2: 1108 daAuts
     D:6: 688 daAuts
  Temple: 254 daAuts
